 Dungeon Crawl Stone Soup version 0.30.0-19-g36f170ea60 (webtiles) character file.

Game seed: 16090505023972952333

52 cheesebisquit the Vexing (level 3, 0/26 HPs)
             Began as a Barachi Hexslinger on May 27, 2023.
             Slain by a gnoll
             ... wielding a +0 flail
              (8 damage)
             ... on level 3 of the Dungeon.
             The game lasted 00:07:41 (3237 turns).

cheesebisquit the Vexing (Barachi Hexslinger)       Turns: 3237, Time: 00:07:41

Health: 0/26       AC:  2    Str: 17    XL:     3   Next: 85%
Magic:  4/5        EV: 12    Int: 13    God:
Gold:   120        SH:  0    Dex: 14    Spells: 4/5 levels left

rFire   . . .        a - +1 sling
rCold   . . .        (no shield)
rNeg    . . .        c - +0 robe
rPois   .            (no helmet)
rElec   .            o - scarf {repulsion}
rCorr   .            (no gloves)
SInv    .            (no boots)
Will    .....        (no amulet)
Stlth   +            k - +6 ring of strength
HPRegen 0.24/turn    (no ring)
MPRegen 0.09/turn

%: repel missiles
@: attractive, slow
A: amphibious, slowness 1, strong legs 1, +LOS
a: Hop


You were on level 3 of the Dungeon.
You visited 1 branch of the dungeon, and saw 3 of its levels.

You collected 120 gold pieces.

Inventory:

Hand Weapons
 a - a +1 sling (weapon)
Missiles
 g - 4 javelins
Armour
 c - a +0 robe (worn)
 o - a scarf of repulsion (worn)
Jewellery
 k - a +6 ring of strength (left hand)
Scrolls
 b - a scroll of poison
 d - 2 scrolls of identify {unknown}
 h - a scroll of fog {unknown}
 i - 3 scrolls of noise {unknown}
 j - a scroll of enchant weapon {unknown}
 n - a scroll of teleportation {unknown}
Potions
 e - a potion of curing
 f - a potion of heal wounds {unknown}
 l - 2 potions of resistance
 m - a potion of attraction
 p - a potion of lignification {unknown}
 q - a potion of might {unknown}
 r - a potion of haste {unknown}


   Skills:
 - Level 1.2 Fighting
 + Level 2.9 Ranged Weapons
 - Level 2.1 Dodging
 + Level 1.9 Spellcasting
 + Level 4.1 Hexes


You had 4 spell levels left.
You knew the following spells:

 Your Spells              Type           Power      Damage    Failure   Level
a - Slow                  Hex            44%        N/A       4%          1

Your spell library contained the following spells:

 Spells                   Type           Power      Damage    Failure   Level
 Apportation              Tloc           2%         N/A       26%         1
 Necrotise                Necr           4%         1d4       26%         1
 Summon Small Mammal      Summ           4%         N/A       26%         1
 Dazzling Flash           Conj/Hex       12%        N/A       32%         3
 Inner Flame              Hex/Fire       6%         N/A       32%         3
 Portal Projectile        Hex/Tloc       12%        N/A       32%         3
 Cause Fear               Hex            5%         N/A       43%         4
 Volatile Blastmotes      Fire/Tloc      2%         2d10      61%         3
 Iskenderun's Mystic Bla  Conj/Tloc      1%         2d3       95%         4
 Starburst                Conj/Fire      0%         6d3       100%        6


Dungeon Overview and Level Annotations

Branches:
Dungeon (3/15)

Altars:
The Shining One


Innate Abilities, Weirdness & Mutations

You are amphibious.
You cover ground slowly.
You can hop short distances.
You have an extended range of vision and can be seen from far away.


Message History

There is a stone staircase leading down here.
You climb downwards.
There is a stone staircase leading up here.
r - a pink potion
There is a stone staircase leading down here.
You now have 120 gold pieces (gained 19).
Found a glowing golden altar of the Shining One.
Found a dagger.
There is a glowing golden altar of the Shining One here.
You see here a +0 dagger.
i - 3 scrolls labelled LOPHOE OQONT (gained 1)
A goblin comes into view. It is wielding a +0 dagger.
You shoot a sling bullet. The sling bullet hits the goblin.
You kill the goblin!
You see here a +0 dagger.
A jackal comes into view.
The jackal bites the plant.
The plant begins to die.
You shoot a sling bullet. The jackal barks!
The sling bullet hits the jackal.
The jackal is heavily wounded.
The jackal bites the plant.
A gnoll comes into view. It is wielding a +0 flail.
A jackal comes into view.
You see here a +0 dagger.
The gnoll resists with significant effort.
You shoot a sling bullet.
The sling bullet closely misses the gnoll.
The sling bullet barely misses the jackal.
The sling bullet hits the jackal.
The jackal is heavily wounded.
The gnoll hits you with a +0 flail!
You shoot a sling bullet. The sling bullet hits the gnoll.
The gnoll is moderately wounded.
The gnoll hits you with a +0 flail. x2
It was a potion of attraction.
You feel attractive to monsters. The gnoll barely misses you.
The gnoll attacks as you move away! The gnoll hits you with a +0 flail!
You die...

.....# ....# ♣.
♣...# ♣.. ♣P..#
♣♣♣P..♣♣♣...#
.P.P.?......###
..............#
...P...P.P....#####
♣♣♣..P♣♣♣P...hhg@.#
♣... ♣P.#.####.#
♣P. ♣P.#.# #.# ...
....#.# #.# ..h.
.....#.####.####
.P.
.....?.#.#.......#
...♣♣♣P.#.#.##.##.#
... ♣P.#.#.##.##.#
.. ♣P...#.#..##.#


You could see a gnoll and 2 jackals.

Vanquished Creatures
  An adder (D:2)
  A dart slug (D:1)
  2 endoplasms (D:2)
  6 goblins
  5 hobgoblins
  8 jackals (D:2)
  4 ball pythons
  A bat (D:2)
  A frilled lizard (D:1)
  4 kobolds
  5 rats
38 creatures vanquished.

Notes
Turn   | Place    | Note
-------+----------+-------------------------------------------
     0 | D:1      | cheesebisquit the Barachi Hexslinger began the quest for
                  | the Orb.
     0 | D:1      | Reached XP level 1. HP: 15/15 MP: 2/2
   591 | D:1      | Reached XP level 2. HP: 21/21 MP: 1/3
   815 | D:1      | Found a faded altar of an unknown god.
  2176 | D:2      | Reached XP level 3. HP: 26/26 MP: 2/5
  2356 | D:2      | Reached skill level 4 in Hexes
  3003 | D:2      | HP: 1/26 [adder (3)]
  3161 | D:3      | Found a glowing golden altar of the Shining One.
  3237 | D:3      | Slain by a gnoll

Illustrated notes

Levels and vault maps discovered:
D:1:      psy_arrival_statuary, layout_loops_corners,
          hellmonk_ecumenical_altar_heavens_door, dk_noncrumbling_4
D:2:      layout_basic, minmay_misc_feat_chi, minmay_misc_feat_ornament
D:3:      layout_loops_ring, lemuel_crystal_altar, dreamdust_princess_corridor,
          kennysheep_boxes

Skill      XL: |  1  2  3 |
---------------+----------+-----
Hexes          | 4 |  4.1
Fighting       | |  1.2
Ranged Weapons | |  2.9
Dodging        | |  2.1
Spellcasting   | |  1.9

Action                     || total
---------------------------++-------
   Fire: Sling             ||   125
   Cast: Slow              ||    50
    Use: Potion            ||     3
 Armour: Robe              ||     2
  Dodge: Dodged            ||    27
